 Dungeon Crawl Stone Soup version 0.26-a0-812-g31a745ddcd (webtiles) character file.

Game seed: 8120821531590576193

3914 graki42 the Thaumaturge (level 10, -10/50 HPs)
             Began as a Deep Elf Conjurer on Nov 17, 2020.
             Was a Priest of Kikubaaqudgha.
             Shot with a bolt by an orc warrior (18 damage)
             ... in a bailey.
             The game lasted 00:29:45 (7037 turns).

graki42 the Thaumaturge (Deep Elf Conjurer)         Turns: 7037, Time: 00:29:46

Health: -10/50     AC:  3    Str:  7    XL:     10   Next: 1%
Magic:  2/26       EV: 13    Int: 24    God:    Kikubaaqudgha [***...]
Gold:   580        SH:  0    Dex: 17    Spells: 19/30 levels left

rFire    . . .     SeeInvis .   v - +10 long sword "Ushriz" {vorpal, rC+ Dex+4}
rCold    + . .     Faith    .   (no shield)
rNeg     . . .     Spirit   .   a - +0 robe
rPois    .         Reflect  .   (no helmet)
rElec    .         Harm     .   (no cloak)
rCorr    .         Rampage  .   (no gloves)
MR       +....                  t - +0 pair of boots
Stlth    ++........             p - amulet of magic regeneration
HPRegen  0.16/turn              f - +4 ring of slaying
MPRegen  0.45/turn              (no ring)

@: very slightly contaminated, invisible
A: no striking features
a: Receive Corpses, Renounce Religion


You were in a bailey.
You worshipped Kikubaaqudgha.
Kikubaaqudgha was most pleased with you.
You visited 2 branches of the dungeon, and saw 8 of its levels.
You also visited: Ossuary and Bailey.

You collected 580 gold pieces.

Inventory:

Hand Weapons
 v - the +10 long sword "Ushriz" (weapon) {vorpal, rC+ Dex+4}
   (You took it off an orc on level 6 of the Dungeon)

   It inflicts extra damage upon your enemies.
   It affects your dexterity (+4).
   It protects you from cold.
Armour
 a - a +0 robe (worn)
 t - a +0 pair of boots (worn)
Jewellery
 b - an uncursed amulet of guardian spirit
 f - a +4 ring of slaying (left hand)
 p - an amulet of magic regeneration (around neck)
 q - an uncursed amulet of regeneration
 C - an uncursed amulet of reflection {unknown}
Wands
 e - a wand of flame (20)
 s - a wand of polymorph (9)
 u - a wand of disintegration (15)
Scrolls
 d - 2 scrolls of blinking {unknown}
 h - 4 scrolls of remove curse
 j - 3 scrolls of enchant weapon
 m - a scroll of fear
 n - 2 scrolls of magic mapping
 o - a scroll of noise {unknown}
 w - a scroll of torment {unknown}
 y - a scroll of amnesia
 A - a scroll of teleportation {unknown}
Potions
 c - a potion of lignification
 g - 2 potions of haste
 i - 4 potions of might
 k - a potion of ambrosia
 l - 2 potions of brilliance
 x - 3 potions of berserk rage {unknown}
 z - 3 potions of resistance
 B - 3 potions of curing {unknown}


   Skills:
 - Level 3.0 Dodging
 - Level 3.0 Stealth
 + Level 10.5 Spellcasting
 + Level 9.8 Conjurations
 - Level 8.0 Hexes
 - Level 7.0 Translocations


You had 19 spell levels left.
You knew the following spells:

 Your Spells              Type           Power        Failure   Level
a - Magic Dart            Conj           ####         1%          1
b - Searing Ray           Conj           ######       1%          2
c - Fulminant Prism       Conj/Hex       ######....   1%          4
d - Iskenderun's Mystic   Conj/Tloc      ######..     1%          4

Your spell library contained the following spells:

 Spells                   Type           Power        Failure   Level
 Dazzling Flash           Conj/Hex       ######       1%          3
 Pain                     Necr           ##..         4%          1
 Corpse Rot               Necr/Air       N/A          8%          2
 Sublimation of Blood     Necr           ##........   8%          2
 Vampiric Draining        Necr           ##........   16%         3
 Animate Dead             Necr           ##........   45%         4
 Dispel Undead            Necr           ##......     45%         4
 Borgnjor's Vile Clutch   Necr/Erth      ##........   80%         5
 Death Channel            Necr           ##........   100%        6
 Simulacrum               Ice/Necr       ##........   100%        6


Dungeon Overview and Level Annotations

Branches:
Dungeon (7/15)             Temple (1/1) D:6         Ossuary (visited)
 Bailey (1/1)

Altars:
Ashenzari
Cheibriados
Elyvilon
Fedhas
Gozag
Hepliaklqana
Kikubaaqudgha
Makhleb
Nemelex Xobeh
Qazlal
Ru
Sif Muna
Trog
Uskayaw
Vehumet
Xom
Yredelemnul
Zin
The Shining One

Annotations:
D:4 3 runed translucent doors, Bliebski's ghost, amateur OpTm; Finra's ghost, amateur DEIE; Lanoc's ghost, novice BaTm


Message History

The orc knight is almost dead. (Press . to maintain the ray.)
The orc warrior shoots a bolt.
The bolt completely misses you. The orc knight closely misses you.
The searing ray hits the orc knight!
The orc knight is almost dead.
The searing ray hits the orc knight!
You kill the orc knight!
Kikubaaqudgha accepts your kill.
You have reached level 10!
An orc comes into view. It is wielding a +0 halberd.
The orc warrior shoots a bolt.
The bolt hits you!
* * * LOW HITPOINT WARNING * * *
The orc shouts!
You fade into invisibility!
An orc comes into view. It is wielding a +0 spear.
You are very lightly contaminated with residual magic.
The orc warrior shoots a bolt. x2; The bolt hits you!!
You die...
Kikubaaqudgha rasps: "You have failed me!
Welcome... death!"

#### ##∩## ####
.oo.##...##.)o.
≈≈≈..#...#..≈≈≈
≈o≈≈.......≈≈)≈
oo≈.......≈)
≈.)...). #.).#
#.(@# ##∩## ###


You could see 2 orc warriors and 4 orcs.

Vanquished Creatures
  An orc knight (Bailey)
  Prince Ribbit (D:6)
  Sigmund (D:6)
  Eustachio (D:6)
  A human (D:5)
  Menkaure (D:5)
  8 orc warriors
  An ice beast (D:5)
  A sky beast (D:6)
  3 ogres
  3 bullfrogs
  A gnoll sergeant (D:5)
  2 scorpions
  A howler monkey (D:5)
  2 hounds
  A centaur skeleton (D:6)
  8 orc priests
  3 iguanas
  Terence (D:3)
  2 bullfrog skeletons (D:5)
  7 orc wizards
  A worker ant (D:5)
  A hound zombie (D:6)
  8 mummies (Ossuary)
  10 adders
  9 gnolls
  A howler monkey skeleton (D:5)
  A white imp (D:5)
  An ufetubus (D:5)
  4 oozes
  An adder zombie (D:6)
  3 worms
  4 dart slugs
  3 leopard geckos
  43 orcs
  2 ball pythons
  5 bats
  6 giant cockroaches
  2 gnoll zombies (Ossuary)
  7 hobgoblins
  9 jackals
  2 quokkas
  7 frilled lizards
  16 goblins
  2 hobgoblin zombies (Ossuary)
  A jackal skeleton (D:5)
  10 kobolds
  2 kobold zombies (Ossuary)
  2 leopard gecko skeletons
  A leopard gecko zombie (D:5)
  2 orc zombies (Ossuary)
  A quokka skeleton (D:7)
  6 rats
223 creatures vanquished.

Vanquished Creatures (others)
  An orc priest (D:5)
  An orc wizard (D:5)
  An orc (D:5)
  18 fulminant prisms
  19 plants (D:3)
40 creatures vanquished.

Grand Total: 263 creatures vanquished

Notes
Turn   | Place    | Note
-------+----------+-------------------------------------------
     0 | D:1      | graki42 the Deep Elf Conjurer began the quest for the Orb.
     0 | D:1      | Reached XP level 1. HP: 10/10 MP: 6/6
   233 | D:1      | Reached XP level 2. HP: 15/15 MP: 5/8
   268 | D:1      | Learned a level 2 spell: Searing Ray
   392 | D:1      | Reached skill level 5 in Conjurations
   529 | D:1      | Reached XP level 3. HP: 19/19 MP: 3/10
  1273 | D:2      | Found a snail-covered altar of Cheibriados.
  1440 | D:2      | Reached XP level 4. HP: 24/24 MP: 7/11
  1545 | D:2      | Reached skill level 4 in Spellcasting
  2114 | D:3      | Reached XP level 5. HP: 27/28 MP: 8/14
  2181 | D:3      | Noticed Terence
  2191 | D:3      | Killed Terence
  2191 | D:3      | Reached skill level 5 in Spellcasting
  2199 | D:3      | Learned a level 4 spell: Fulminant Prism
  2204 | D:3      | Learned a level 4 spell: Iskenderun's Mystic Blast
  2378 | D:3      | Found a broken altar of Ashenzari.
  2501 | D:3      | Reached skill level 1 in Hexes
  2519 | D:3      | Reached skill level 1 in Translocations
  3249 | D:4      | Found a runed translucent gate.
  3249 | D:4      | Found a runed translucent gate.
  3249 | D:4      | Found a runed translucent gate.
  3249 | D:4      | Noticed Bliebski's ghost (amateur OpTm)
  3249 | D:4      | Noticed Finra's ghost (amateur DEIE)
  3249 | D:4      | Noticed Lanoc's ghost (novice BaTm)
  3334 | D:4      | Reached XP level 6. HP: 32/32 MP: 12/16
  3407 | D:4      | Reached skill level 6 in Spellcasting
  3675 | D:4      | Reached XP level 7. HP: 36/36 MP: 10/18
  3846 | D:4      | Found a bloodstained altar of Trog.
  3998 | D:4      | Found an opulent altar of Gozag.
  4001 | D:4      | Found a sparkling altar of Nemelex Xobeh.
  4001 | D:4      | Found an ancient bone altar of Kikubaaqudgha.
  4004 | D:4      | Found a stormy altar of Qazlal.
  4040 | D:4      | Became a worshipper of Kikubaaqudgha
  4520 | D:5      | Entered Level 5 of the Dungeon
  4521 | D:5      | You fall into a shaft and drop 1 floor!
  4521 | D:6      | Found a staircase to the Ecumenical Temple.
  4528 | Temple   | Entered the Ecumenical Temple
  4628 | D:6      | Found a hazy altar of Hepliaklqana.
  4721 | D:6      | Noticed Prince Ribbit
  4730 | D:6      | Killed Prince Ribbit
  4730 | D:6      | Reached skill level 7 in Spellcasting
  4777 | D:6      | Identified the +10 long sword "Ushriz" {vorpal, rC+ Dex+4}
  4790 | D:6      | Reached XP level 8. HP: 41/41 MP: 12/20
  4799 | D:6      | Reached skill level 5 in Hexes
  4800 | D:6      | Reached * piety under Kikubaaqudgha
  4800 | D:6      | Identified Kikubaaqudgha's Grimoire of Evil (Kikubaaqudgha
                  | gifted it to you on level 6 of the Dungeon)
  4800 | D:6      | Received a gift from Kikubaaqudgha
  4868 | D:6      | Noticed Sigmund
  4875 | D:6      | Killed Sigmund
  5156 | D:6      | Found a sand-covered staircase.
  5161 | Ossuary  | Entered an ossuary
  5225 | Ossuary  | Reached skill level 8 in Spellcasting
  5250 | Ossuary  | Reached skill level 5 in Translocations
  5623 | D:5      | Found a runed translucent door.
  5625 | D:5      | Reached ** piety under Kikubaaqudgha
  5784 | D:5      | Found a basalt altar of Yredelemnul.
  5807 | D:5      | Reached XP level 9. HP: 39/45 MP: 15/23
  6197 | D:5      | Reached skill level 9 in Spellcasting
  6201 | D:5      | Reached *** piety under Kikubaaqudgha
  6201 | D:5      | Identified Kikubaaqudgha's Disquisition on Evil Magic
                  | (Kikubaaqudgha gifted it to you on level 5 of the Dungeon)
  6201 | D:5      | Received a gift from Kikubaaqudgha
  6229 | D:5      | Found a basalt altar of Yredelemnul.
  6230 | D:5      | Noticed Menkaure
  6234 | D:5      | Killed Menkaure
  6848 | D:6      | Noticed Eustachio
  6856 | D:6      | Killed Eustachio
  7015 | D:7      | Found a flagged portal.
  7020 | Bailey   | Entered a bailey
  7020 | Bailey   | Noticed an orc knight
  7031 | Bailey   | Reached skill level 10 in Spellcasting
  7035 | Bailey   | Killed an orc knight
  7035 | Bailey   | Reached XP level 10. HP: 17/50 MP: 2/26
  7037 | Bailey   | Shot with a bolt by an orc warrior

Illustrated notes

Levels and vault maps discovered:
D:1:      lightli_arrival_isolated_outpost, layout_loops_ring,
          minmay_curled_crystal
D:2:      minmay_evil_eye, layout_basic, old_standard_altar
D:3:      layout_rooms, nicolae_ashenzari_panopticon, kennysheep_boxes,
          uniq_terence
D:4:      layout_loops_ring, grunt_temple_overflow_open,
          gammafunk_ghost_cemetery, trog_hazing_becter
D:5:      layout_basic, nicolae_overflow_crystal_walls, minmay_misc_feat_square,
          dk_yredelemnul_ordeal, uniq_menkaure
D:6:      layout_basic, kennysheep_little_box, minmay_temple_entry_mini_moons,
          serial_glass, glass_columns_b, glass_columns_c, glass_columns_b,
          glass_columns_a, glass_columns_a, glass_columns_c, enter_ossuary_2,
          minmay_checkerbox, uniq_sigmund, uniq_prince_ribbit1, uniq_eustachio
D:7:      layout_loops_ring, okawaru_trees_1, enter_bailey_3
Temple:   minmay_freezing_vapour_temple
Bailey:   bailey_polearm_4, bailey

Skill      XL: |  1  2  3  4  5  6  7  8  9 |
---------------+----------------------------+-----
Conjurations   | 5 6 7 8 9 |  9.8
Dodging        | 3 |  3.0
Stealth        | 3 |  3.0
Spellcasting   | 4 5 6 7 8 10 | 10.5
Hexes          | 1 3 4 6 8 |  8.0
Translocations | 1 2 3 5 7 |  7.0

Action                   |  1- 3 |  4- 6 |  7- 9 | 10-12 || total
-------------------------+-------+-------+-------+-------++-------
Melee: Unarmed           |       |     1 |       |       ||     1
 Cast: Magic Dart        |    69 |    34 |    55 |       ||   158
       Searing Ray       |     2 |    24 |    77 |       ||   103
       Iskenderun's Myst |       |     2 |     4 |       ||     6
       Fulminant Prism   |       |       |    18 |       ||    18
Evoke: Wand              |       |       |     1 |       ||     1
  Use: Scroll            |       |     5 |     8 |       ||    13
       Potion            |       |       |       |     1 ||     1
Armor: Robe              |     1 |       |     5 |       ||     6
Dodge: Dodged            |     6 |     7 |    35 |       ||    48
       Rpst.: Long sword |       |       |     3 |       ||     3

Table legend: (Time is in decaauts)
 A = Elapsed time spent in this place.
 B = Non-inter-level travel time spent in this place.
 C = Inter-level travel time spent in this place.
 D = Time resting spent in this place.
 E = Time spent auto-exploring this place.
 F = Levels seen in this place.
 G = Mean time per level.
                   A        B        C        D        E       F      G
               +--------+--------+--------+--------+--------+-----+--------+
         Total |   7045 |   6846 |    199 |    915 |   4726 |  10 |  704.5 |
       Dungeon |   6637 |   6438 |    199 |    750 |   4714 |   7 |  948.1 |
        Temple |     16 |     16 |      0 |      0 |     11 |   1 |   16.0 |
       Ossuary |    373 |    373 |      0 |    165 |      1 |   1 |  373.0 |
        Bailey |     16 |     16 |      0 |      0 |      0 |   1 |   16.0 |
               +--------+--------+--------+--------+--------+-----+--------+

Top non-repeatable levels by time:
     D:4: 1274 daAuts
     D:3: 1209 daAuts
     D:6: 1126 daAuts
     D:2: 1028 daAuts
     D:1: 1014 daAuts
     D:5: 938 daAuts
 Ossuary: 373 daAuts
     D:7: 46 daAuts
  Bailey: 16 daAuts
  Temple: 16 daAuts
